 Dungeon Crawl Stone Soup version 0.23-a0-8-gb809bb7 (webtiles) character file.

72 qdestroyer the Shield-Bearer (level 4, -5/40 HPs)
             Began as a Minotaur Fighter on Aug 2, 2018.
             Slain by an ogre
             ... wielding a +0 giant spiked club
              (9 damage)
             ... on level 3 of the Dungeon.
             The game lasted 00:04:01 (1129 turns).

qdestroyer the Shield-Bearer (Minotaur Fighter)     Turns: 1129, Time: 00:04:02

Health: -5/40      AC:  9    Str: 21    XL:     4   Next: 7%
Magic:  3/3        EV:  7    Int:  7    God:
Gold:   85         SH: 10    Dex: 13    Spells: 3/3 levels left

rFire    . . .     SeeInvis .   a - +0 war axe
rCold    . . .     Gourm    .   c - +0 shield
rNeg     . . .     Faith    .   b - +0 scale mail
rPois    .         Spirit   .   (helmet restricted)
rElec    .         Reflect  .   (no cloak)
rCorr    .         Harm     .   e - +1 pair of gloves
MR       +....                  (no boots)
Stlth    ..........             (no amulet)
HPRegen  0.13/turn              h - +3 ring of dexterity
MPRegen  0.08/turn              i - ring of protection from magic

@: about to teleport
A: retaliatory headbutt, horns 2, clever 1, mutation resistance 1
a: no special abilities


You were on level 3 of the Dungeon.
You were not hungry.

You visited 1 branch of the dungeon, and saw 3 of its levels.

You collected 85 gold pieces.

Inventory:

Hand Weapons
 a - a +0 war axe (weapon)
Armour
 b - a +0 scale mail (worn)
 c - a +0 shield (worn)
 e - a +1 pair of gloves (worn)
Jewellery
 h - a +3 ring of dexterity (left hand)
 i - a ring of protection from magic (right hand)
Scrolls
 g - a scroll of identify
 k - a scroll of teleportation
 l - 2 scrolls of remove curse {unknown}
Potions
 d - 2 potions of might
 j - a potion of curing {unknown}
Comestibles
 f - 5 rations


   Skills:
 + Level 4.0 Fighting
 + Level 3.2 Axes
 + Level 4.3 Armour
 + Level 4.7 Shields


You had 3 spell levels left.
You didn't know any spells.
Your spell library was empty.

Dungeon Overview and Level Annotations

Branches:
Dungeon (3/15)

Altars:


Innate Abilities, Weirdness & Mutations

You reflexively headbutt those who attack you in melee.
You have a pair of horns on your head.
Your mind is acute. (Int +2)
You are somewhat resistant to further mutation.


Message History

The orc is severely wounded.
The orc closely misses you. You furiously retaliate!
You headbutt the orc.
You kill the orc!
You hit the ogre. Your headbutt misses the ogre.
The ogre is lightly wounded.
The ogre hits you with a giant spiked club!
You hit the ogre. Your headbutt misses the ogre.
The ogre is lightly wounded.
The ogre hits you with a giant spiked club!!
Ouch! That really hurt!
* * * LOW HITPOINT WARNING * * *
You are too injured to fight recklessly!
You are too injured to fight recklessly!
You are too injured to fight recklessly!
There is a stone staircase leading up here.
Found a ration and a viscous puce potion.
As you read the scroll of teleportation, it crumbles to dust.
You feel strangely unstable.
The ogre hits you with a giant spiked club!
You die...

.. .. #
#####.#### .# #
#........#
##.#.#
#........#
..$...
#.......!#
......
#..%.....#
###...### #.@#
##.?.$.... ##O#
###..#..####
#.#####...##$.#
#...##..### ..#
###<#..## #.#
#...## .# #.###
## ###


You could see an ogre.

Vanquished Creatures
  Jessica (D:2)
  A dart slug (D:2)
  A leopard gecko (D:1)
  An orc (D:3)
  2 ball pythons
  6 goblins
  4 hobgoblins
  3 jackals (D:2)
  6 bats
  A frilled lizard (D:1)
  7 kobolds
  7 rats
40 creatures vanquished.

Notes
Turn   | Place    | Note
-------+----------+-------------------------------------------
     0 | D:1      | qdestroyer the Minotaur Fighter began the quest for the Orb.
     0 | D:1      | Reached XP level 1. HP: 19/19 MP: 0/0
   162 | D:1      | Gained mutation: Your mind is acute. (Int +2) [potion of mutation]
   162 | D:1      | Gained mutation: You are somewhat resistant to further mutation. [potion of mutation]
   213 | D:1      | Reached XP level 2. HP: 24/27 MP: 1/1
   464 | D:2      | Noticed Jessica
   470 | D:2      | Killed Jessica
   470 | D:2      | Reached XP level 3. HP: 32/33 MP: 2/2
   961 | D:2      | Reached XP level 4. HP: 40/40 MP: 3/3
  1111 | D:3      | Noticed an ogre
  1116 | D:3      | HP: 2/40 [ogre/giant spiked club (23)]
  1129 | D:3      | Slain by an ogre

Vault maps used:
D:1:      shiori_shiawase
D:2:      wad_lake_hut, uniq_jessica
D:3:      first_ration

Skill      XL: |  1  2  3 |
---------------+----------+-----
Shields        | 4 |  4.7
Fighting       | 4 |  4.0
Armour         | 4 |  4.3
Axes           | 3 |  3.2

Action                   |  1- 3 |  4- 6 || total
-------------------------+-------+-------++-------
Melee: War axe           |    59 |     6 ||    65
       Headbutt          |     5 |       ||     5
  Use: Scroll            |     5 |     1 ||     6
       Potion            |     1 |       ||     1
  Eat: Ration            |       |     1 ||     1
Armor: Scale mail        |    32 |     1 ||    33
Dodge: Dodged            |    29 |     2 ||    31
Block: Shield            |    47 |     3 ||    50

Table legend:
 A = Spawn XP
 B = Non-spawn XP
 C = Spawn XP percentage of total XP
 D = Spawn monster count
 E = Non-spawn monster count
 F = Spawn count percentage of total count
 G = Total turns spent on level
                    A         B        C        D         E        F      G
               +---------+---------+-------+---------+---------+-------+---------
         Total |       0 |     104 |   0.0 |       0 |      40 |   0.0 |  1129
               +---------+---------+-------+---------+---------+-------+---------
           D:1 |       0 |      26 |   0.0 |       0 |      15 |   0.0 |   464
           D:2 |       0 |      73 |   0.0 |       0 |      22 |   0.0 |   639
           D:3 |       0 |       5 |   0.0 |       0 |       3 |   0.0 |    26
               +---------+---------+-------+---------+---------+-------+---------
